 Dungeon Crawl Stone Soup version 0.27.1-1-g398f81649c (webtiles) character file.

Game seed: 2057802748155401719

5313 H0rd4k the Thaumaturge (level 10, -7/60 HPs)
             Began as an Octopode Hedge Wizard on Sept 20, 2021.
             Was an Initiate of Gozag.
             Mangled by a freezing wraith (10 damage)
             ... on level 11 of the Dungeon.
             The game lasted 00:30:50 (17326 turns).

H0rd4k the Thaumaturge (Octopode Hedge Wizard)     Turns: 17326, Time: 00:30:52

Health: -7/60      AC:  5    Str: 10    XL:     10   Next: 64%
Magic:  3/22       EV: 15    Int: 20    God:    Gozag
Gold:   1801       SH:  5    Dex: 17    Spells: 17/26 levels left

rFire    . . .     SeeInvis .   A - staff of poison
rCold    . . .     Faith    .   (no shield)
rNeg     . . .     Spirit   .   b - +0 hat
rPois    +         Reflect  +   r - amulet of reflection
rElec    .         Harm     .   d - +6 ring of dexterity
rCorr    .         Rampage  .   C - +4 ring of protection
Will     .....                  (no ring)
Stlth    ++++......             (no ring)
HPRegen  0.20/turn              (no ring)
MPRegen  0.18/turn              (no ring)
                                (no ring)
                                (no ring)

@: about to teleport, slowed, very slow
A: almost no armour, amphibious, 8 rings, camouflage 1, gelatinous body 1,
(nimble swimmer 1), tentacles
a: Renounce Religion, Potion Petition, Call Merchant, Bribe Branch


You were on level 11 of the Dungeon.
You worshipped Gozag.
Gozag was most pleased with you.
You visited 2 branches of the dungeon, and saw 13 of its levels.
You also visited: Ossuary.

You collected 1850 gold pieces.
You paid 49 gold pieces to Gozag.

Inventory:

Hand Weapons
 a - a +0 dagger
 k - a +2 dagger of protection
Missiles
 x - a throwing net
Armour
 b - a +0 hat (worn)
Magical Staves
 A - a staff of poison (weapon)
Jewellery
 d - a +6 ring of dexterity (left tentacle)
 r - an amulet of reflection (around mantle)
 C - a +4 ring of protection (right tentacle)
Wands
 l - a wand of paralysis (12)
 w - a wand of polymorph (6)
 E - a wand of digging (3)
Scrolls
 c - a scroll of enchant weapon {unknown}
 f - 3 scrolls of teleportation
 g - a scroll of silence {unknown}
 h - a scroll of blinking
 i - 2 scrolls of immolation
 j - a scroll of fear
 m - a scroll of vulnerability
 p - a scroll of fog {unknown}
 t - a scroll of magic mapping {unknown}
 u - 2 scrolls of noise
 v - a scroll of enchant armour
Potions
 e - a potion of haste
 n - 3 potions of heal wounds
 o - 4 potions of curing
 q - a potion of cancellation
 s - 3 potions of brilliance
 B - a potion of lignification


   Skills:
 + Level 1.9 Fighting
 + Level 1.2 Short Blades
 + Level 4.4 Dodging
 + Level 4.9 Stealth
 + Level 1.0 Shields
 + Level 8.9 Spellcasting
 + Level 8.4 Conjurations
 + Level 1.0 Summonings
 + Level 2.8 Translocations
 + Level 2.6 Fire Magic
 + Level 3.8 Air Magic
 + Level 4.1 Poison Magic
 + Level 2.3 Evocations


You had 17 spell levels left.
You knew the following spells:

 Your Spells              Type           Power      Damage    Failure   Level
a - Magic Dart            Conj           100%       1d8       1%          1
b - Blink                 Tloc           N/A        N/A       3%          2
c - Conjure Flame         Conj/Fire      31%        6-21      2%          3
d - Mephitic Cloud        Conj/Pois/Air  46%        N/A       2%          3

Your spell library contained the following spells:

 Spells                   Type           Power      Damage    Failure   Level
 Shock                    Conj/Air       100%       1d9       1%          1
 Swiftness                Air            24%        N/A       4%          3
 Lesser Beckoning         Tloc           10%        N/A       7%          3
 Call Imp                 Summ           12%        N/A       8%          2
 Slow                     Hex            8%         N/A       12%         2
 Airstrike                Air            12%        N/A       16%         4
 Manifold Assault         Tloc           20%        N/A       54%         5


Dungeon Overview and Level Annotations

Branches:
Dungeon (12/15)            Temple (1/1) D:4             Orc (0/2) D:9
Ossuary (visited)
   Lair: D:8-11

Altars:
Ashenzari
Dithmenos
Elyvilon
Fedhas
Gozag
Hepliaklqana
Kikubaaqudgha
Okawaru
Qazlal
Sif Muna
Uskayaw
Wu Jian
Xom
Zin

Shops:
D:1 !   D:4 *[

Annotations:
D:2 exclusion: downstairs
D:3 exclusion: downstairs
D:6 exclusion: 2 downstairs
D:7 exclusion: 2 downstairs
D:8 Psyche
D:9 exclusions: downstairs and tengu warrior
D:12 exclusion: boulder beetle


Innate Abilities, Weirdness & Mutations

You cannot wear most types of armour.
You are amphibious.
You can wear up to eight rings at the same time.
Your skin changes colour to match your surroundings (Stealth+).
Your rubbery body absorbs attacks. (AC +1, EV +1)
((You are camouflaged near water. (Stealth+)))
You have tentacles for arms and can constrict up to eight enemies at once.


Message History

Aim: an eight-headed hydra (severely wounded, 100% to hit)
The magic dart hits the eight-headed hydra.
The eight-headed hydra is almost dead.
Unknown command.
Casting: Magic Dart (safe; 1% risk of failure)
Confirm with . or Enter, or press ? or * to list all spells.
Aiming: Magic Dart (safe; 1% risk of failure)
Press: ? - help, Shift-Dir - straight line, f/p - eight-headed hydra
Aim: an eight-headed hydra (almost dead, 100% to hit)
The magic dart hits the eight-headed hydra.
The eight-headed hydra is almost dead.
Unknown command.
The magic dart hits the eight-headed hydra.
The eight-headed hydra is almost dead.
Okay, then.
Unknown command.
Okay, then.
Unknown command.
Okay, then.
A freezing wraith comes into view.
Found a short sword.
The freezing wraith misses you. The freezing wraith barely misses you.
You open the door. The freezing wraith closely misses you.
The freezing wraith hits you! The freezing wraith drains your vigour!
You feel yourself slow down.
Found a stone staircase leading down.
There is an open door here.
The freezing wraith hits you! The freezing wraith freezes you!
The freezing wraith closely misses you.
Casting: Magic Dart (safe; 1% risk of failure)
Confirm with . or Enter, or press ? or * to list all spells.
You blink.
As you read the scroll of teleportation, it crumbles to dust.
You feel strangely unstable. The freezing wraith hits you!
* * * LOW HITPOINT WARNING * * *
The freezing wraith freezes you!
* * * LOW HITPOINT WARNING * * *
The freezing wraith hits you!
You die...
Your body crumbles into a pile of gold.

###### .....#
############# .....#
#...........# .....#
#..)$.....>.# ######
.....#
#...........#####.....
.....#
#...........'..##.....
.....#
#...........##.##.....
.....#
###....@W.....##.##.....
.....#
#.'...........##........
.....#
###.#...........#####.....
.....# #...#...........#
#.....
.....###.###...........#
#..... .....'(..#
###+######### #.....
.....##### ###.## ##'###
#... ##.# ###D


You could see a freezing wraith.

Vanquished Creatures
  A gargoyle (D:10)
  A shadow (D:10)
  A wyvern (D:8)
  4 yaks (D:6)
  5 vampire mosquitoes
  A steam dragon (D:7)
  Edmund (D:5)
  A water moccasin (D:5)
  A swamp drake (D:9)
  A black bear (D:8)
  4 orc warriors
  An ice beast (D:6)
  4 ogres
  3 centaurs
  2 scorpions (D:5)
  A wyvern zombie (D:6)
  4 bullfrogs
  4 killer bees
  2 howler monkeys
  2 hounds
  A human zombie (Ossuary)
  A bullfrog zombie (D:6)
  3 centaur zombies
  3 orc priests
  A gnoll shaman (D:7)
  3 jellies
  2 centaur skeletons
  6 orc wizards
  2 mummies (Ossuary)
  11 gnolls
  8 adders
  A shadow imp (D:6)
  2 white imps
  An adder zombie (D:5)
  An adder skeleton (D:4)
  2 worms (D:2)
  2 dart slugs (D:1)
  34 orcs
  7 bats
  3 endoplasms
  2 giant cockroaches
  3 gnoll zombies (Ossuary)
  8 goblins
  7 hobgoblins
  5 jackals
  9 kobolds
  2 quokkas
  9 ball pythons
  4 frilled lizards
  4 goblin zombies (Ossuary)
  5 hobgoblin zombies (Ossuary)
  An orc zombie (Ossuary)
  A rat (D:1)
198 creatures vanquished.

Vanquished Creatures (others)
  A killer bee (D:8)
  10 fungi (D:8)
  14 plants (D:8)
25 creatures vanquished.

Grand Total: 223 creatures vanquished

Notes
Turn   | Place    | Note
-------+----------+-------------------------------------------
     0 | D:1      | H0rd4k the Octopode Hedge Wizard began the quest for the
                  | Orb.
     0 | D:1      | Reached XP level 1. HP: 11/11 MP: 4/4
   187 | D:1      | Reached XP level 2. HP: 10/17 MP: 0/6
   340 | D:1      | Found Plog's Distillery.
  1192 | D:1      | Reached XP level 3. HP: 21/21 MP: 3/7
  1197 | D:1      | Learned a level 2 spell: Blink
  1201 | D:1      | Learned a level 3 spell: Conjure Flame
  2227 | D:2      | Reached XP level 4. HP: 27/27 MP: 2/9
  2341 | D:2      | Learned a level 3 spell: Mephitic Cloud
  3333 | D:4      | Found Ticump's Assorted Antiques.
  3418 | D:4      | Reached XP level 5. HP: 24/32 MP: 3/11
  3506 | D:4      | Reached skill level 1 in Short Blades
  3571 | D:3      | Reached skill level 1 in Fire Magic
  4146 | D:4      | Found a staircase to the Ecumenical Temple.
  4167 | Temple   | Entered the Ecumenical Temple
  4335 | Temple   | Became a worshipper of Gozag Ym Sagoz the Greedy
  4610 | D:4      | Reached skill level 1 in Air Magic
  4690 | D:5      | Entered Level 5 of the Dungeon
  4690 | D:5      | Noticed a water moccasin
  4998 | D:5      | Reached skill level 1 in Poison Magic
  4998 | D:5      | Reached XP level 6. HP: 37/37 MP: 12/12
  5300 | D:5      | Killed a water moccasin
  5424 | D:5      | Reached XP level 7. HP: 42/42 MP: 2/14
  6160 | D:5      | Noticed Edmund
  6419 | D:4      | Reached skill level 5 in Spellcasting
  7506 | D:4      | Found Goeqop's Antique Armour Boutique.
  7752 | D:5      | Reached XP level 8. HP: 23/47 MP: 5/16
  8088 | D:5      | Killed Edmund
  8319 | D:6      | Found a sand-covered staircase.
  8338 | Ossuary  | Entered an ossuary
  8775 | Ossuary  | Reached skill level 5 in Conjurations
  9726 | D:7      | Noticed a yak
  9727 | D:7      | Noticed a yak
  9984 | D:7      | Noticed a yak
  9984 | D:7      | Noticed a yak
 10072 | D:7      | Reached skill level 1 in Fighting
 10365 | D:8      | Found a shimmering altar of Xom.
 10401 | D:8      | Noticed a wyvern
 10448 | D:8      | Reached XP level 9. HP: 53/53 MP: 11/19
 11221 | D:8      | Noticed Psyche
 11888 | D:6      | Reached skill level 1 in Evocations
 13895 | D:9      | Reached XP level 10. HP: 60/60 MP: 10/21
 14038 | D:9      | Noticed a tengu warrior
 14706 | D:9      | Found a staircase to the Orcish Mines.
 14869 | D:9      | Found a blossoming altar of Fedhas.
 14869 | D:9      | Found an ornate altar of the Wu Jian Council.
 14869 | D:9      | Found an iron altar of Okawaru.
 14869 | D:9      | Found a white marble altar of Elyvilon.
 14879 | D:9      | Found a hazy altar of Hepliaklqana.
 14884 | D:9      | Found a glowing silver altar of Zin.
 15069 | D:10     | Entered Level 10 of the Dungeon
 15902 | D:10     | Noticed a gargoyle
 16156 | D:10     | Killed a gargoyle
 16157 | D:10     | Reached skill level 1 in Shields
 16965 | D:11     | You fall into a shaft and drop 1 floor!
 16966 | D:12     | Noticed a boulder beetle
 17241 | D:12     | Noticed a boulder beetle
 17273 | D:11     | Noticed an eight-headed hydra
 17326 | D:11     | HP: 3/60 [freezing wraith (10)]
 17326 | D:11     | Mangled by a freezing wraith

Illustrated notes

Levels and vault maps discovered:
D:1:      nagdon_arrival_zigzag_paths, layout_basic, serial_shops, shop,
          minmay_shallow_snake_nest
D:2:      layout_rooms
D:3:      layout_loops_cross
D:4:      layout_basic, minmay_temple_entry_slanted, serial_shops,
          nicolae_shop_competitors_out_of_business, shop, minmay_misc_feat_chi,
          minmay_crystal_water, hangedman_abyss_or_decor_passed
D:5:      layout_basic, uniq_edmund
D:6:      layout_basic, enter_ossuary_1
D:7:      layout_gridville
D:8:      layout_gridville, amcnicky_altar_gilded,
          grunt_lair_entry_orc_guard_hut, hangedman_decor_riveting, uniq_grum,
          uniq_psyche
D:9:      layout_roguey, minmay_overflow_temple_hex, erik_orc_1
D:10:     layout_irregular_city
D:11:     layout_roguey, uniq_erica
D:12:     layout_roguey
Temple:   regret_index_temple_generic_petals

Skill      XL: |  1  2  3  4  5  6  7  8  9 10 |
---------------+-------------------------------+-----
Stealth        | 3 4 |  4.9
Conjurations   | 2 3 4 5 7 8 |  8.4
Spellcasting   | 4 5 6 7 8 |  8.9
Short Blades   | 1 |  1.2
Fire Magic     | 1 2 |  2.6
Air Magic      | 1 2 3 |  3.8
Poison Magic   | 1 2 3 4 |  4.1
Dodging        | 3 4 |  4.4
Fighting       | 1 |  1.9
Translocations | 2 |  2.8
Evocations     | 1 2 |  2.3
Shields        | 1 |  1.0
Summonings     | |  1.0

Action                   |  1- 3 |  4- 6 |  7- 9 | 10-12 || total
-------------------------+-------+-------+-------+-------++-------
Melee: Dagger            |    28 |    13 |     3 |       ||    44
       Constrict         |     6 |     1 |     2 |       ||     9
       Tentacles         |     4 |     4 |     1 |       ||     9
 Cast: Magic Dart        |    95 |   134 |   390 |   121 ||   740
       Blink             |       |     5 |    23 |    11 ||    39
       Conjure Flame     |       |     2 |    24 |    15 ||    41
       Mephitic Cloud    |       |       |    22 |     7 ||    29
Evoke: Wand              |       |     4 |     6 |    12 ||    22
  Use: Scroll            |       |     1 |     5 |    12 ||    18
       Potion            |       |       |     3 |     1 ||     4
Armor: Skin              |       |     4 |    10 |    10 ||    24
Dodge: Dodged            |    25 |    48 |   103 |    29 ||   205
Block: Other             |       |       |    37 |     5 ||    42
       Reflection        |       |       |     2 |       ||     2
